 Dungeon Crawl Stone Soup version 0.25.0-46-gbd7b0854d2 (webtiles) character file.

Game seed: 18122292119470898531

35 Descartes the Sneak (level 3, -1/17 HPs)
             Began as a Felid Monk on July 15, 2020.
             Slain by a worm (11 damage)
             ... on level 2 of the Dungeon.
             The game lasted 00:01:18 (1220 turns).

Descartes the Sneak (Felid Monk)                    Turns: 1220, Time: 00:01:19

Health: -1/17      AC:  1    Str:  8    XL:     3   Next: 16%
Magic:  4/4        EV: 19    Int: 11    God:
Gold:   89         SH:  0    Dex: 18    Spells: 2/2 levels left
                                        Lives:  0   Deaths: 0

rFire    . . .     SeeInvis +     - Unarmed
rCold    . . .     Gourm    .   (shield unavailable)
rNeg     . . .     Faith    .   (armour unavailable)
rPois    .         Spirit   .   (helmet unavailable)
rElec    .         Reflect  .   (cloak unavailable)
rCorr    .         Harm     .   (gloves unavailable)
MR       .....                  (boots unavailable)
Stlth    ++++......             (no amulet)
HPRegen  0.05/turn              (no ring)
MPRegen  0.09/turn              (no ring)

@: quick
A: very small, no armour, no weapons or thrown items, stealth, claws 1, fangs 3,
see invisible, carnivore, speed 1, shaggy fur 1, slow metabolism 1, sharp paws
a: no special abilities


You were on level 2 of the Dungeon.
You were completely stuffed.

You visited 1 branch of the dungeon, and saw 2 of its levels.

You collected 89 gold pieces.

Inventory:

Scrolls
 b - a scroll of blinking {unknown}
 c - a scroll of noise {unknown}
 d - a scroll of remove curse {unknown}
 i - a scroll of amnesia {unknown}
 j - a scroll of identify {unknown}
 k - a scroll of magic mapping {unknown}
 n - a scroll of random uselessness {unknown}
Potions
 e - a potion of invisibility {unknown}
 g - a potion of heal wounds {unknown}
 h - a potion of degeneration {unknown}
 l - a potion of mutation {unknown}
 m - a potion of cancellation {unknown}
Comestibles
 a - 6 rations
 f - 5 chunks of flesh


   Skills:
 - Level 3.0 Fighting
 - Level 4.0 Dodging
 + Level 5.2 Stealth
 - Level 3.0 Unarmed Combat


You had 2 spell levels left.
You didn't know any spells.
Your spell library was empty.

Dungeon Overview and Level Annotations

Branches:
Dungeon (2/15)

Altars:
Uskayaw


Innate Abilities, Weirdness & Mutations

You cannot wear armour.
You are incapable of wielding weapons or throwing items.
Your paws allow you to move quietly. (Stealth)
You have sharp claws.
You have razor-sharp teeth.
You have supernaturally acute eyesight. (SInv)
You are carnivorous and can eat meat at any time.
You cover ground quickly.
You are covered in fur. (AC +1)
You have a slow metabolism.
Your sharp claws are effective at attacking unaware monsters.


Message History

The giant cockroach completely misses you.
You closely miss the giant cockroach. Your bite misses the giant cockroach.
The giant cockroach is severely wounded.
The giant cockroach waves its antennae.
The giant cockroach misses you.
You scratch the giant cockroach.
You kill the giant cockroach!
The worm misses you.
You see here a giant cockroach corpse.
You barely miss the worm. You scratch the worm.
The worm is moderately wounded.
The worm closely misses you.
You scratch the worm. You bite the worm, but do no damage.
The worm is heavily wounded.
You barely miss the worm.
The worm is heavily wounded.
The worm bites you!
Ouch! That really hurt!
You die...

.. ....# ..#
#...# ###
##... # ....
# #..# ##
######.)# .
#.......#
#.#####w#
#.# #@# ###
#.#####.#
..#
#...รท)..#
..#
#.#######
..########.#
...........#
..########.#
...........#
..##########


You could see a worm.

Vanquished Creatures
  An adder (D:2)
  5 bats (D:1)
  2 giant cockroaches (D:2)
  3 goblins (D:1)
  5 hobgoblins
  3 kobolds
  A frilled lizard (D:2)
  5 rats
25 creatures vanquished.

Notes
Turn   | Place    | Note
-------+----------+-------------------------------------------
     0 | D:1      | Descartes the Felid Monk began the quest for the Orb.
     0 | D:1      | Reached XP level 1. HP: 10/10 MP: 2/2
   115 | D:1      | Reached skill level 3 in Stealth
   400 | D:1      | Reached skill level 4 in Stealth
   400 | D:1      | Reached XP level 2. HP: 14/14 MP: 3/3
  1110 | D:2      | Reached skill level 5 in Stealth
  1123 | D:2      | Found a hide-covered altar of Uskayaw.
  1131 | D:2      | Reached XP level 3. HP: 17/17 MP: 4/4
  1220 | D:2      | Slain by a worm

Illustrated notes

Levels and vault maps discovered:
D:1:      minmay_arrival_checkered_box, layout_loops_corners
D:2:      layout_loops_ring, eat_drink_and_be_merry_uskayaw,
          lemuel_blue_sif_altar, serial_bayou_pond_e

Skill      XL: |  1  2 |
---------------+-------+-----
Stealth        | 4 5 |  5.2
Fighting       | |  3.0
Dodging        | |  4.0
Unarmed Combat | |  3.0

Action                   || total
-------------------------++-------
Melee: Unarmed           ||    62
       Bite              ||     4
 Stab: Sleeping          ||    11
  Eat: Chunk             ||     8
Armor: Skin              ||     1
Dodge: Dodged            ||    33
